 Dungeon Crawl Stone Soup version 0.19.5 (webtiles) character file.

26 devil0150 the Magician (level 2, 0/17 HPs)
             Began as a High Elf Wizard on Apr 14, 2017.
             Slain by a hobgoblin (4 damage)
             ... led by Robin
             ... on level 1 of the Dungeon.
             The game lasted 00:09:20 (1521 turns).

devil0150 the Magician (High Elf Wizard)            Turns: 1521, Time: 00:09:21

Health: 0/17       AC:  2    Str:  6    XL:     2   Next: 89%
Magic:  7/8        EV: 13    Int: 21    God:
Gold:   30         SH:  0    Dex: 13    Spells: 1 memorised, 8 levels left

rFire  . . .     SeeInvis .     g - +0 spear (flame)
rCold  . . .     Gourm    .     a - +0 robe
rNeg   . . .     Faith    .     (no shield)
rPois  .         Spirit   .     b - +0 hat
rElec  .         Reflect  .     (no cloak)
rCorr  .         Harm     .     (no gloves)
MR     .....                    (no boots)
Stlth  ++........               (no amulet)
                                (no ring)
                                (no ring)

@: no status effects
A: no striking features
a: no special abilities


You were on level 1 of the Dungeon.
You were not hungry.

You visited 1 branch of the dungeon, and saw 2 of its levels.

You collected 30 gold pieces.

Inventory:

Hand Weapons
 g - a +0 spear of flaming (weapon)
Armour
 a - a +0 robe (worn)
 b - a +0 hat (worn)
Jewellery
 f - an uncursed ring of protection from fire {unknown}
Scrolls
 j - 2 scrolls of noise
Potions
 e - a potion of might
 k - a potion of curing {unknown}
Books
 c - a book of Minor Magic

   Spells                             Type                      Level
   a - Magic Dart                     Conjuration                  1
   b - Blink                          Translocation                2
   c - Call Imp                       Summoning                    2
   d - Repel Missiles                 Charms/Air                   2
   e - Slow                           Hexes                        2
   f - Conjure Flame                  Conjuration/Fire             3
   g - Mephitic Cloud                 Conjuration/Poison/Air       3
Comestibles
 d - 2 bread rations
 i - 4 fruits


   Skills:
 + Level 2.5 Dodging
 + Level 2.2 Stealth
 + Level 0.4 Unarmed Combat
 + Level 4.3 Spellcasting
 + Level 1.3 Conjurations
   Level 0.8 Summonings
   Level 1.1 Translocations


You had 8 spell levels left.
You knew the following spells:

 Your Spells              Type           Power        Failure   Level  Hunger
a - Magic Dart            Conj           ##..         10%         1    None


Dungeon Overview and Level Annotations

Branches:
Dungeon (2/15)

Altars:
Nemelex Xobeh

Annotations:
D:2 Robin


Message History

The hobgoblin barely misses you.
There is a stone staircase leading down here.
The goblin closely misses you. The hobgoblin hits you.
You climb downwards.
Level annotation: Robin
There is a stone staircase leading up here.
Casting: Magic Dart
Confirm with . or Enter, or press ? or * to list all spells.
Aiming: Magic Dart
Press: ? - help, Shift-Dir - straight line, f - hobgoblin
Aim: a hobgoblin The magic dart hits the hobgoblin.
The hobgoblin is moderately wounded.
The hobgoblin hits you.
* * * LOW HITPOINT WARNING * * *
The hobgoblin closely misses you.
You climb upwards.
There is a stone staircase leading down, spattered with blood here.
The hobgoblin hits you.
You die...

......# #.......+..########...
...)..# #...#####..#⌠......._.
......# #.#...#....########...
......#### #.#...#.#####§§.§§#...
......'..# #.#...#....##§§.§§#...
......##)# #.#...#....##§.§.§#...
......##.# #.#.#....#.##§§.§§#.⌠.
......##.# #.#.#.#######.§§.§#...
......##.###.#..@.....########...
..(...##.#.....g...###########'''
...............>..............)..
.#######.#..........############.
## #.#########..# #.
#............# #. #.#########..#
#g
########.##########.############g
.................##..#...g.g.g...


You could see a hobgoblin.

Vanquished Creatures
  A dart slug (D:1)
  2 leopard geckos (D:1)
  3 giant cockroaches (D:1)
  8 goblins
  2 hobgoblins (D:1)
  2 bats (D:1)
  2 kobolds (D:1)
20 creatures vanquished.

Notes
Turn   | Place    | Note
-------+----------+-------------------------------------------
     0 | D:1      | devil0150 the High Elf Wizard began the quest for the Orb.
     0 | D:1      | Reached XP level 1. HP: 11/11 MP: 6/6
   535 | D:1      | Reached XP level 2. HP: 17/17 MP: 0/7
   634 | D:1      | Reached skill level 4 in Spellcasting
   863 | D:1      | Found a sparkling altar of Nemelex Xobeh.
  1170 | D:2      | Noticed Robin
  1521 | D:1      | Slain by a hobgoblin

Skill      XL: |  1  2 |
---------------+-------+-----
Spellcasting   | 4 |  4.3
Dodging        | |  2.5
Stealth        | |  2.2
Unarmed Combat | |  0.4
Conjurations   | |  1.3
Summonings     | |  0.8
Translocations | |  1.1

Action                   || total
-------------------------++-------
Melee: Unarmed           ||    35
       Spear             ||     1
 Cast: Magic Dart        ||    57
  Use: Scroll            ||     4
  Eat: Chunk             ||     2
Armor: Robe              ||    11
Dodge: Dodged            ||    53
